[Event "5th Sharjah Masters 2022"]
[Site "Sharjah"]
[Date "2022.05.21"]
[Round "1.10"]
[White "Van Foreest, Lucas"]
[Black "Niemann, Hans Moke"]
[Result "1-0"]
[ECO "D35"]
[WhiteElo "2572"]
[BlackElo "2656"]
[Annotator "TA"]
[PlyCount "63"]
[EventDate "2022.05.21"]
[EventType "swiss"]
[EventCountry "UAE"]
[SourceTitle "playchess.com"]
[Source "ChessBase"]
[SourceQuality "1"]
[TimeControl "5400+30"]

1. d4 Nf6 2. c4 e6 3. Nc3 d5 4. cxd5 exd5 5. Bg5 c6 6. e3 Be7 7. Bd3 h6 8. Bf4 Nbd7 {[%emt 0:03:16][%cal Bb8d7,Bd7f8,Bf8e6][%mdl 32] D35: Queen's Gambit Declined: Exchange Variation.} 9. h3 Nf8 10. Nf3 Ne6 {[%emt 0:00:09] White has an edge.} 11. Bh2 O-O 12. O-O b6 {[%emt 0:02:42] [#]} 13. Rc1 $146 ({Predecessor:} 13. Ne5 Bb7 14. Qa4 Bd6 15. Nxc6 Bxh2+ 16. Kxh2 Qc7+ 17. Ne5 Nc5 18. Qd1 Nfe4 19. Kg1 Nxc3 20. bxc3 Nxd3 21. Qxd3 {1-0 (29) Ovsejevitsch,S (2581)-Wille,T (2169) Werther 2008}) 13... Bb7 14. Qe2 c5 15. dxc5 bxc5 16. Rfd1 Qb6 17. b3 Rfe8 18. Be5 a6 19. Bf5 Bc6 20. Na4 Bxa4 21. bxa4 Red8 (21... Qc6 $11) 22. Rb1 $16 Qc6 23. a5 Nd7 {[%emt 0:00:29] Against Rb6} 24. Bg3 Rac8 {[%emt 0:11:26] [#]} ({Black should try} 24... g6 $1 $14 25. Bd3 c4) 25. Ne5 $1 $36 {[%emt 0:02:22][%mdl 2048] White is on the roll. White is much more active.} Nxe5 26. Bxe5 {[%emt 0:01:01] And now Qg4 would win.} d4 $2 {[%emt 0:04:37] This move loses the game for Black.} (26... Bd6 $16) 27. exd4 cxd4 28. Rb6 Qe8 $2 (28... Qc5 {is a better chance.} 29. Rxe6 fxe6 30. Bxe6+ Kh8 31. Bxc8 (31. Qxa6 Rc6 $17) 31... d3) 29. Rxe6 fxe6 {[%emt 0:00:11] White has a decisive advantage.} 30. Bxe6+ Kh8 31. Bxc8 {[%emt 0:00:42] A strong pair of Bishops.} ({Avoid the trap} 31. Qxa6 $2 Rc6 32. Qe2 Bf6 33. Bxf6 Rxe6 34. Bxg7+ (34. Qxe6 $2 Qxe6 35. Bxd8 Qe2 $19) 34... Kxg7 35. Qg4+ Rg6 $19) ({Worse is} 31. Bxd4 Bf6 32. Bxf6 Rxd1+ 33. Qxd1 Qxe6 $15) 31... Bf6 {[%emt 0:00:35] [#]} 32. Bxa6 $1 {[%emt 0:01:20] Weighted Error Value: White=0.18 (very precise) /Black=0.35} 1-0

[Event "5th Sharjah Masters 2022"]
[Site "Sharjah"]
[Date "2022.05.21"]
[Round "1.11"]
[White "Martirosyan, Haik M."]
[Black "Mastrovasilis, Athanasios"]
[Result "1-0"]
[ECO "D35"]
[WhiteElo "2652"]
[BlackElo "2540"]
[Annotator "TA"]
[PlyCount "101"]
[EventDate "2022.05.21"]
[EventType "swiss"]
[EventCountry "UAE"]
[SourceTitle "playchess.com"]
[Source "ChessBase"]
[SourceQuality "1"]
[TimeControl "5400+30"]

1. d4 d5 2. c4 e6 3. Nf3 Nf6 4. Nc3 Nbd7 5. cxd5 exd5 6. Bg5 h6 {[%emt 0:00:46] D35: Queen's Gambit Declined: Exchange Variation.} 7. Bh4 Be7 8. e3 c6 {[%emt 0:00:43] White has an edge.} 9. Qc2 Nh5 10. Bxe7 Qxe7 11. O-O-O Nb6 12. Bd3 Nf6 13. h3 Be6 14. Kb1 O-O-O 15. Rc1 Kb8 16. Nd2 Ne8 17. Nb3 Nd6 18. Nc5 {[%emt 0:00:23] [#]} Bc8 $146 ({Predecessor:} 18... Qf6 19. Rhe1 h5 20. a4 {½-½ (20) Levin,E (2488)-Kim,A (2460) Peterhof 2008}) 19. Ka1 Qg5 20. Rhg1 Bf5 21. Nb1 Bxd3 22. Nxd3 Rhe8 23. Nd2 Qf5 24. Nb3 Nbc4 25. Nbc5 Ne4 26. Qe2 Nxc5 27. Nxc5 Nd6 28. Rc2 Re7 29. Rgc1 h5 30. a4 Qg6 31. Qf1 Ne4 32. Nd3 Qd6 33. b4 Rc8 34. Qe1 f6 35. Ka2 h4 36. Qe2 g5 37. Qg4 Qe6 (37... Qc7 $11 {remains equal.}) 38. Qxe6 $16 Rxe6 {[%emt 0:00:01] [#]} 39. b5 $1 a5 $2 {[%emt 0:03:18] Prevents Nb4. A mistake that costs the game.} (39... Rd8 $16) 40. bxa6 $1 $18 bxa6 41. Nb4 Kb7 42. Nxd5 a5 $2 (42... Rd6) 43. Rb2+ Ka7 44. f3 Nd6 45. Nb6 ({Weaker is} 45. Rc5 Nb7 $18) 45... Rc7 46. e4 {[%emt 0:00:26] [#] d5 is the strong threat.} Nb7 47. d5 Rd6 48. Nc4 Rdd7 49. Na3 Nd8 50. Rc5 Ka6 (50... Rb7 $142 51. Nc4 Rxb2+ 52. Kxb2 cxd5) 51. Nc4 {[%emt 0:00:20] Weighted Error Value: White=0.06 (flawless) /Black=0.22 (precise)} 1-0

[Event "5th Sharjah Masters 2022"]
[Site "Sharjah"]
[Date "2022.05.21"]
[Round "1.12"]
[White "Muradli, Mahammad"]
[Black "Moussard, Jules"]
[Result "1/2-1/2"]
[ECO "D12"]
[WhiteElo "2539"]
[BlackElo "2651"]
[Annotator "TA"]
[PlyCount "91"]
[EventDate "2022.05.21"]
[EventType "swiss"]
[EventCountry "UAE"]
[SourceTitle "playchess.com"]
[Source "ChessBase"]
[SourceQuality "1"]
[TimeControl "5400+30"]

1. d4 Nf6 2. c4 c6 3. Nf3 d5 4. e3 Bf5 5. Nc3 e6 6. Nh4 Bg6 7. Nxg6 hxg6 8. g3 {[%emt 0:00:25] D12: Slav Defence: 3 Nf3 Nf6 4 e3 Bf5.} Nbd7 9. Bg2 dxc4 10. Qe2 Nb6 11. O-O Qc7 12. e4 e5 {[%emt 0:00:31] Inhibits Bf4.} 13. Be3 Nfd7 {[%emt 0:15:06] [#]} 14. Rfd1 $146 ({Predecessor:} 14. Rad1 Be7 15. f4 exd4 16. Bxd4 Bc5 17. e5 Bxd4+ 18. Rxd4 Nc5 19. Rd6 Qe7 20. Qe3 {0-1 (37) Javakhishvili,L (2444)-Kadimova,I (2310) Kusadasi 2006}) 14... exd4 15. Bxd4 O-O-O 16. e5 (16. Qf3 $11 {deserves consideration.}) 16... Re8 $15 17. f4 g5 18. Qg4 gxf4 19. gxf4 Kb8 20. Ne4 {[%emt 0:01:18] Prevents f6.} Nd5 21. b3 $1 cxb3 22. axb3 a6 23. Ng5 N7b6 24. h3 f6 (24... Bb4 $17) 25. Ne6 $11 Rxe6 26. Qxe6 Nxf4 27. Qe8+ Nc8 28. Ra2 {[%emt 0:00:01] Inhibits Ne2+.} ({Reject} 28. exf6 gxf6 29. Qe4 Nxh3+ 30. Kf1 Bd6 $17) 28... fxe5 29. Bf2 {[%emt 0:01:04] A strong pair of Bishops.} Qe7 30. Rd8 {[%emt 0:00:02][%csl Ge8][%cal Rd8c8] Chess con chili.} Qxe8 31. Rxe8 Kc7 32. Kh2 $2 {[%emt 0:02:20] [#]} (32. Rxe5 $11 {and White is okay.} Nxh3+ 33. Bxh3 Rxh3 34. Rf5) 32... Kd7 $1 $19 33. Rxe5 {[%emt 0:00:16] [#]} Bd6 $1 34. Rd2 Ng6 (34... Kc7 $19 35. Rxd6 Kxd6) 35. Rxd6+ $17 Nxd6 36. Rg5 Ne7 {[%emt 0:00:30] ...g6 is the strong threat.} (36... Rf8 $5 37. Kg1 Rf6 $17) 37. Rxg7 Ndf5 38. Rg4 Ke6 39. Rb4 b5 40. Re4+ {[%emt 0:00:33] The position is equal.} Kf6 41. Bc5 Rd8 42. Re2 {[%emt 0:00:25] Inhibits Rd2.} a5 43. Rf2 {[%emt 0:01:23] Black must now prevent Bxe7+.} Ke5 44. Re2+ Kf6 45. Rf2 {[%emt 0:00:06] And now Bxe7+ would win.} Ke5 46. Re2+ {[%emt 0:00:13] Weighted Error Value: White=0.14 (very precise) /Black=0.10 (very precise)} 1/2-1/2

[Event "5th Sharjah Masters 2022"]
[Site "Sharjah"]
[Date "2022.05.21"]
[Round "1.13"]
[White "Tabatabaei, M. Amin"]
[Black "Suleymanli, Aydin"]
[Result "1/2-1/2"]
[ECO "C42"]
[WhiteElo "2650"]
[BlackElo "2537"]
[Annotator "TA"]
[PlyCount "115"]
[EventDate "2022.05.21"]
[EventType "swiss"]
[EventCountry "UAE"]
[SourceTitle "playchess.com"]
[Source "ChessBase"]
[SourceQuality "1"]
[TimeControl "5400+30"]

1. e4 e5 2. Nf3 Nf6 3. Nxe5 d6 4. Nd3 Nxe4 5. Qe2 Qe7 6. Nf4 {[%emt 0:00:08] C42: Petroff Defence: 3 Nxe5 and unusual White 3rd moves.} c6 {[%emt 0:01:27] Inhibits Nd5.} 7. f3 Nf6 8. d4 Bf5 {[%emt 0:00:51] [#]} 9. c4 $146 ({Predecessor:} 9. Na3 d5 10. c3 h5 11. h3 Nbd7 12. Qxe7+ Bxe7 13. Kf2 Nb6 14. b3 O-O-O 15. Bd3 {0-1 (73) Bhandari,N (1412)-Saypuri,S (1824) Chess.com INT 2020}) 9... h5 {[%emt 0:02:53] Against g4} 10. Nc3 Na6 11. a3 {[%emt 0:02:42] Against Nb4} O-O-O 12. Qxe7 (12. h4 {looks sharper.} Nc7 13. d5 Nd7 14. Kf2) 12... Bxe7 13. h4 Nc7 14. Kf2 d5 15. c5 Ne6 16. Nxe6 fxe6 17. Bg5 e5 (17... Rde8 $11) 18. dxe5 $14 Bxc5+ 19. Kg3 Rhg8 {[%emt 0:10:13][%cal Oc5b6] [#]} 20. Kh2 $1 ({But not} 20. exf6 $2 gxf6 21. Nxd5 (21. Kf4 $2 fxg5+ 22. hxg5 Rdf8 $19) 21... Rxd5 $19) (20. Kf4 Bh7 21. Kg3 (21. exf6 $2 gxf6 22. Kg3 fxg5 $19) 21... Bd4 $15) 20... Nd7 21. Bxd8 Rxd8 22. f4 d4 23. Ne2 ({White should try} 23. Na4 $16) 23... d3 $11 24. Ng3 Bg6 {[%emt 0:00:11][%cal Od7e5] Hoping for ...Nxe5! This bishop pair is nice.} 25. Kh3 Bd4 (25... Nb6 $11) 26. Rd1 $14 Nc5 (26... Nxe5 $1 $14 27. fxe5 Bxe5) 27. f5 $2 {[%emt 0:02:20] [#]} (27. b4 $16 Ne6 28. f5 Nf4+ 29. Kh2) 27... Ne4 $15 28. Bxd3 (28. Nxe4 Bxf5+) 28... Nf2+ 29. Kh2 Ng4+ ({Resist} 29... Bxe5 30. fxg6 Bxg3+ 31. Kxg3 $14) 30. Kh3 {[%emt 0:00:02] And now Rhf1 would win.} Nf2+ 31. Kh2 Nxh1 32. Kxh1 {[%emt 0:02:59] [#]} Be8 33. e6 (33. b3 $17) 33... Bxb2 $19 34. Be2 (34. a4 $17 {was called for.}) 34... Rxd1+ ({Worse is} 34... Bxa3 35. Ra1 Be7 36. Nxh5 $15) 35. Bxd1 Bxa3 36. Bxh5 $2 (36. Nxh5 {is tougher.} Bb2 37. g4) 36... Bxh5 37. Nxh5 {[%emt 0:00:01][%mdl 4096] Endgame KB-KN} Bb2 38. g4 a5 $2 (38... Kd8 $19 {...a5 is the strong threat.} 39. g5 Ke7 40. f6+ gxf6) 39. g5 $1 $11 {[%emt 0:00:06] The position is equal.} a4 40. f6 $1 gxf6 41. g6 f5 42. g7 Bxg7 43. Nxg7 {[%emt 0:00:02] Intending e7 and mate.} Kd8 {[%emt 0:00:07] ( -> ...a3)} 44. Nxf5 {[%emt 0:00:28] h5 would kill now. KN-K3P} a3 {[%emt 0:00:39] Strongly threatening ...a2.} 45. Nd4 $1 {[%emt 0:00:50] Threatening mate with h5.} a2 46. Nb3 {[%emt 0:02:06] White threatens h5 and mate.} Ke7 {[%emt 0:00:09] White must now prevent ...c5.} 47. h5 $1 {[%emt 0:00:19] White wants to mate with h6.} Kxe6 48. Kg2 b5 49. Kf3 Kf5 {[%emt 0:00:39][%cal Oc6c5] Threatens to win with ...c5!} 50. Ke3 c5 {[%emt 0:00:06] aiming for ...c4.} 51. Na1 Kg5 52. Kd3 Kxh5 53. Kc3 Kg4 54. Kb3 b4 55. Kxa2 c4 56. Kb2 b3 57. Nxb3 cxb3 58. Kxb3 {[%emt 0:05:44] White happily takes the draw.  Weighted Error Value: White=0.21 (precise) /Black=0.22 (precise)} 1/2-1/2

[Event "5th Sharjah Masters 2022"]
[Site "Sharjah"]
[Date "2022.05.21"]
[Round "1.14"]
[White "Vokhidov, Shamsiddin"]
[Black "Nihal Sarin"]
[Result "1/2-1/2"]
[ECO "B30"]
[WhiteElo "2536"]
[BlackElo "2646"]
[Annotator "TA"]
[PlyCount "92"]
[EventDate "2022.05.21"]
[EventType "swiss"]
[EventCountry "UAE"]
[SourceTitle "playchess.com"]
[Source "ChessBase"]
[SourceQuality "1"]
[TimeControl "5400+30"]

1. e4 c5 2. Nf3 Nc6 3. Bb5 e6 4. O-O Nge7 5. Re1 b6 (5... a6 $11 {deserves consideration.} 6. Bxc6 Nxc6) 6. d4 {[%emt 0:02:43] B30: Sicilian: 2...Nc6 3 Bb5, lines without ...g6.} cxd4 7. Nxd4 Nxd4 8. Qxd4 a6 9. Bf1 Nc6 10. Qc3 Qc7 {[%emt 0:09:34] [#] Against Bf4} 11. Qg3 $146 ({Predecessor:} 11. a4 f6 12. Rd1 Bb4 13. Qg3 Qxg3 14. hxg3 Bc5 15. c3 a5 16. Nd2 Bb7 17. Nb3 {½-½ (17) Debevec,B (2277)-Henderson,G (2332) ICCF email 2021}) 11... Qxg3 (11... Bd6 {keeps more tension.} 12. Qxg7 Bxh2+ 13. Kh1 Be5) 12. hxg3 Bb7 13. c3 Bd6 14. Be3 Bc7 15. Nd2 Ne5 16. f3 h5 17. Kf2 f6 18. a4 g5 19. Nc4 Nxc4 20. Bxc4 Ke7 21. Rh1 Bc6 22. Bd3 Kf7 23. b4 b5 {[%emt 0:03:23] The position is equal.} 24. axb5 axb5 25. c4 Rxa1 26. Rxa1 bxc4 27. Bxc4 Rb8 {[%emt 0:00:06] Prevents b5.} 28. Ra7 Rxb4 {[%emt 0:04:20] [#] White must now prevent ...Bb8.} 29. Bxe6+ $1 Kxe6 30. Rxc7 $11 {[%emt 0:00:03][%mdl 4096] Endgame KRB-KRB} Rb2+ 31. Kg1 g4 32. Rc8 Rb3 33. Kf2 h4 34. fxg4 hxg3+ 35. Kf3 Kf7 36. Rh8 Rb4 37. Kxg3 Rxe4 38. Bf4 Re2 39. Rh2 Kg6 40. Rh6+ Kg7 41. Rh2 Kg6 42. Rh6+ Kf7 43. Rh2 Be4 44. g5 d5 45. gxf6 Kxf6 46. Kh4 Rxg2 {[%emt 0:00:59] An uneventful encounter.  Weighted Error Value: White=0.04 (flawless) /Black=0.04 (flawless)} 1/2-1/2

[Event "5th Sharjah Masters 2022"]
[Site "Sharjah"]
[Date "2022.05.21"]
[Round "1.15"]
[White "Sargsyan, Shant"]
[Black "Sankalp Gupta"]
[Result "1-0"]
[ECO "E51"]
[WhiteElo "2641"]
[BlackElo "2505"]
[Annotator "TA"]
[PlyCount "81"]
[EventDate "2022.05.21"]
[EventType "swiss"]
[EventCountry "UAE"]
[SourceTitle "playchess.com"]
[Source "ChessBase"]
[SourceQuality "1"]
[TimeControl "5400+30"]

1. d4 Nf6 2. c4 e6 3. Nf3 d5 4. Nc3 Bb4 5. e3 O-O 6. Bd2 b6 7. cxd5 exd5 8. Rc1 {[%emt 0:00:43] E51: Nimzo-Indian: Rubinstein: 4...0-0 5 Nf3 d5.} a6 9. Bd3 Bd6 10. O-O {[%emt 0:01:27] White has an edge.} Re8 {[%emt 0:02:04] Against e4} 11. Ne2 (11. Ne5 $142 $1) 11... Nbd7 $11 {[%emt 0:01:05] [#]} 12. b4 $146 ({Predecessor:} 12. Ng3 Bb7 13. Qc2 Rc8 14. Rfe1 Ne4 15. Bc3 g6 16. Nd2 f5 17. Qb3 Kh8 18. Ngxe4 fxe4 {½-½ (51) Moreira,R (2088)-Wilson,E (2183) Chess.com INT 2021}) 12... Bb7 13. a4 Ne4 14. b5 axb5 15. axb5 Ra3 16. Bc3 Nxc3 17. Rxc3 Qa8 18. Qc1 Ra5 19. Nf4 g6 20. h4 Qd8 21. g3 Ra7 22. Kg2 Nf6 23. h5 Qd7 (23... Nxh5 $2 24. Nxh5 gxh5 25. Rh1 $18) (23... Qe7 $11) 24. Rh1 $14 Rea8 $2 ({Black should try} 24... Kg7 $14) 25. hxg6 $18 hxg6 {[%emt 0:03:28] [#]} 26. Bxg6 $1 fxg6 (26... Ra1 27. Bb1) 27. Rh6 $1 Ra1 28. Rxg6+ Kh8 {[%emt 0:00:21] [#]} 29. Rh6+ $2 ({White must play} 29. Rxf6 $1 $18 Rxc1 30. Rxc1) 29... Kg8 {[%emt 0:01:05] [#]} 30. Rg6+ $2 (30. Rxf6 $1 $14 Rxc1 31. Rxc1 Qxb5 32. Rg6+ Kf8 33. Rh1 Bxf4 34. gxf4) 30... Kh8 $1 31. Rxf6 {[%emt 0:00:33] Dancing on a razor blade.} R8a2 $2 {[%emt 0:12:00] [#]} (31... Rxc1 32. Rxc1 Bxf4 33. exf4 Re8) 32. Rxc7 $3 Bxc7 {[%emt 0:00:58] [#]} 33. Rf8+ $1 Kg7 {[%emt 0:00:35] [#]} 34. Qxc7 $3 {[%emt 0:00:14][%mdl 576] Deflection, Decoy} Qxc7 (34... Rxf2+ 35. Kxf2) 35. Ne6+ Kh6 36. Rf6+ Kh5 37. Nxc7 {[%emt 0:00:00][%mdl 64] Intending Ne6 and mate. Discovered Attack. Pair of Knights!} Bc8 38. Nxd5 {[%emt 0:00:00] White threatens Nf4+ and mate.} Bb7 39. Nf4+ {[%emt 0:00:00] White mates.} Kg4 40. Rg6+ Kf5 41. g4+ {[%emt 0:00:00] Weighted Error Value: White=0.16 (very precise) /Black=0.47} 1-0

[Event "5th Sharjah Masters 2022"]
[Site "Sharjah"]
[Date "2022.05.21"]
[Round "1.16"]
[White "Aditya Mittal"]
[Black "Ter-Sahakyan, Samvel"]
[Result "1/2-1/2"]
[ECO "E05"]
[WhiteElo "2490"]
[BlackElo "2640"]
[Annotator "TA"]
[PlyCount "99"]
[EventDate "2022.05.21"]
[EventType "swiss"]
[EventCountry "UAE"]
[SourceTitle "playchess.com"]
[Source "ChessBase"]
[SourceQuality "1"]
[TimeControl "5400+30"]

1. d4 Nf6 2. c4 e6 3. Nf3 d5 4. g3 Be7 5. Bg2 O-O 6. O-O dxc4 7. Qc2 a6 8. a4 Bd7 9. Qxc4 Bc6 10. Bg5 Nbd7 11. Nc3 h6 12. Bxf6 {[%emt 0:00:07] E05: Open Catalan: 5 Nf3 Be7.} Nxf6 13. Rfd1 $1 {[%emt 0:00:27][%mdl 4] is more profitable than 13.b4 at the moment.} a5 14. Qb3 Ra6 15. Ne5 {[%emt 0:08:18] [#]} Rb6 $146 ({Predecessor:} 15... Bxg2 16. Kxg2 Rb6 17. Qc2 Nd5 18. e3 Nb4 19. Qe4 c6 20. Nc4 Ra6 21. h4 Re8 {0-1 (53) Gaehwiler,G (2400)-Moskalenko,A (2514) Chess.com INT 2021}) 16. Qc2 Bd5 17. Rd3 Rb4 18. e3 c6 (18... Bb3 $5 19. Qe2 Qe8 $11) 19. Na2 {[%emt 0:01:25][%cal Bc3a2,Ba2c1,Bc1d3][%mdl 32] Pair of Knights!} Rb6 20. Nc1 Qc7 21. Rd1 {[%emt 0:11:29] Hoping for e4.} Bxg2 22. Kxg2 Nd7 23. Nc4 Ra6 24. Nd3 Rd8 25. Rac1 Nb6 26. Nce5 Nd5 27. h4 Raa8 28. Qb3 Bd6 29. Nc4 Bf8 30. Nce5 Bd6 31. Nc4 Bf8 32. Nd2 Nb4 33. Ne5 Bd6 34. Ndf3 Bxe5 35. Nxe5 Rd6 36. Nc4 Rd7 37. Ne5 Rd6 38. Rc5 b6 39. Rcc1 c5 40. Nc4 Rd5 41. Kg1 Rad8 42. Na3 Qd7 43. Nb5 {[%emt 0:00:01] The position is equal.} cxd4 44. Rc7 Qe8 {[%emt 0:00:07] [#] aiming for ...dxe3.} 45. Rxd4 Rxd4 46. Nxd4 Rc8 47. Qc4 Rxc7 48. Qxc7 Qxa4 49. Qxb6 Qa1+ 50. Kg2 {[%emt 0:00:09] Weighted Error Value: White=0.06 (flawless) /Black=0.04 (flawless)} 1/2-1/2

[Event "5th Sharjah Masters 2022"]
[Site "Sharjah"]
[Date "2022.05.21"]
[Round "1.17"]
[White "Petrosyan, Manuel"]
[Black "Davtyan, Artur"]
[Result "1/2-1/2"]
[ECO "D31"]
[WhiteElo "2638"]
[BlackElo "2488"]
[Annotator "TA"]
[PlyCount "83"]
[EventDate "2022.05.21"]
[EventType "swiss"]
[EventCountry "UAE"]
[SourceTitle "playchess.com"]
[Source "ChessBase"]
[SourceQuality "1"]
[TimeControl "5400+30"]

1. d4 d5 2. c4 e6 3. Nc3 Be7 4. cxd5 exd5 5. Bf4 c6 6. e3 Bf5 7. Nge2 Nd7 8. h4 {[%emt 0:00:14] D31: Queen's Gambit Declined: Semi-Slav without ...Nf6 (+ Marshall Gambit and Noteboom) and Exchange Variation lines without ...Nf6.} Be6 9. Ng3 Ngf6 10. Bd3 O-O 11. Nf5 {[%emt 0:00:44] [#]} Bb4 $146 ({Predecessor:} 11... Re8 12. Nxe7+ Qxe7 13. O-O Ne4 14. Bxe4 dxe4 15. Nxe4 Bc4 16. Nd6 Bxf1 17. Nxe8 Rxe8 18. Qxf1 Qxh4 {½-½ (30) Vocaturo,D (2620)-Bacrot,E (2671) Douglas 2019}) 12. a3 Bxc3+ 13. bxc3 Bxf5 14. Bxf5 Re8 15. a4 Nf8 16. Qb3 b6 17. h5 Ne4 18. c4 dxc4 19. Qxc4 Nf6 (19... Qf6 $5 20. Bxe4 Rxe4 $11) 20. O-O Nxh5 21. Bh2 {[%emt 0:00:06] A strong pair of Bishops.} Qg5 22. Bh3 {[%emt 0:00:47] White is more active.} c5 23. dxc5 Qxc5 24. Qxc5 bxc5 25. Rfc1 Ne6 $1 26. Bxe6 {[%emt 0:04:13][%mdl 64] [#] Remove Defender} Rxe6 27. Rxc5 Nf6 28. Rd1 Rae8 29. a5 h6 30. Kf1 Ne4 31. Rc2 Ra6 32. Rd5 Nf6 33. Rb5 Ng4 34. Bg1 Re5 {[%emt 0:00:59] The position is equal.} 35. Rcc5 f6 36. Ke2 {[%emt 0:00:38] Threatening f4.} Rxc5 37. Rxc5 $11 {[%emt 0:00:01] KRB-KRN} Ne5 38. f3 Nc6 39. Rc2 Ne7 40. Rc7 Nc6 41. e4 Nxa5 42. Rxa7 {[%emt 0:00:36] Weighted Error Value: White=0.04 (flawless) /Black=0.06 (flawless)} 1/2-1/2

[Event "5th Sharjah Masters 2022"]
[Site "Sharjah"]
[Date "2022.05.21"]
[Round "1.18"]
[White "Gharibyan, Mamikon"]
[Black "Abasov, Nijat"]
[Result "0-1"]
[ECO "E28"]
[WhiteElo "2487"]
[BlackElo "2635"]
[Annotator "TA"]
[PlyCount "88"]
[EventDate "2022.05.21"]
[EventType "swiss"]
[EventCountry "UAE"]
[SourceTitle "playchess.com"]
[Source "ChessBase"]
[SourceQuality "1"]
[TimeControl "5400+30"]

1. d4 Nf6 2. c4 e6 3. Nc3 Bb4 4. e3 O-O 5. a3 Bxc3+ 6. bxc3 b6 7. Bd3 Bb7 8. f3 Nh5 {[%emt 0:08:24] 8...c5 gains popularity. E28: Nimzo-Indian: Sämisch: 5...0-0 6 e3.} 9. Nh3 Qh4+ 10. Nf2 f5 {[%emt 0:00:13] The position is equal.} 11. O-O Nc6 12. e4 {[%emt 0:18:16] [#]} Na5 $146 ({Predecessor:} 12... Nf4 13. Bxf4 Qxf4 14. e5 Ne7 15. Qe2 Qh4 16. Rad1 Ng6 17. Nh3 Nf4 18. Nxf4 Qxf4 {0-1 (32) Santos,M (2416)-Delgado Ramirez,N (2523) Sao Paulo 2006}) 13. exf5 exf5 14. Nh3 {[%emt 0:06:29] Bg5 is the strong threat.} h6 {[%emt 0:03:02] Prevents Bg5.} 15. Qc2 Qf6 16. Re1 d6 {[%emt 0:06:32] Prevents Re5.} (16... Ba6 {looks sharper.} 17. Re5 Bxc4 18. Bxf5 Rae8) 17. d5 {[%emt 0:08:25] Black must now prevent Re6.} Qf7 18. Nf4 Nxf4 19. Bxf4 Rad8 20. Re2 Bc8 21. c5 Qxd5 22. cxd6 cxd6 23. Rae1 Bd7 24. h4 Bb5 25. Bxb5 Qxb5 26. Re6 Rfe8 {[%emt 0:02:45] aiming for ...Rxe6.} 27. a4 ({But not} 27. Bxd6 $2 Rxe6 28. Rxe6 Qd5 $19) (27. Qa2 $11 {remains equal.} d5 28. Rxe8+ Rxe8 29. Rxe8+ Qxe8 30. Qxd5+ Qf7 31. Qd3) 27... Qc5+ $17 28. Be3 Qc4 29. Rxe8+ Rxe8 30. Qxf5 Qxh4 31. Qd5+ Kh8 {[%emt 0:00:30] The board is on fire.} 32. Qd1 Nc6 {[%emt 0:05:39] Black is more active.} 33. Bf2 Rxe1+ 34. Bxe1 $15 {[%emt 0:00:44][%mdl 4096] Endgame KQB-KQN} Qf4 35. Bf2 Ne5 36. Qd5 Kh7 37. a5 (37. Bd4 $15) 37... bxa5 $17 38. Qxa5 {[%emt 0:00:10] [#]} Qg5 $1 {[%emt 0:00:50] Threatens to win with ...Nxf3+.} 39. Qd5 a5 {[%emt 0:00:06] Hoping for ...a4.} 40. Kf1 Ng6 41. Qxd6 (41. Qxg5 $17 hxg5 42. c4) 41... a4 $2 (41... Qc1+ $19 42. Be1 a4) 42. Bd4 $2 (42. g3 $17 {is a better defense.}) 42... Nf4 43. g4 {[%emt 0:00:24] [#]} (43. Ke1 $19) 43... Qb5+ 44. Kg1 Qb1+ {[%emt 0:00:08] Weighted Error Value: White=0.46/Black=0.31} 0-1

[Event "5th Sharjah Masters 2022"]
[Site "Sharjah"]
[Date "2022.05.21"]
[Round "1.19"]
[White "Idani, Pouya"]
[Black "Ortega Amarelle, Mariano"]
[Result "1-0"]
[ECO "C42"]
[WhiteElo "2635"]
[BlackElo "2476"]
[Annotator "TA"]
[PlyCount "59"]
[EventDate "2022.05.21"]
[EventType "swiss"]
[EventCountry "UAE"]
[SourceTitle "playchess.com"]
[Source "ChessBase"]
[SourceQuality "1"]
[TimeControl "5400+30"]

1. e4 e5 2. Nf3 Nf6 3. Nxe5 d6 4. Nc4 Nxe4 5. Qe2 Qe7 6. Ne3 c6 {[%emt 0:17:50] Prevents Nd5. C42: Petroff Defence: 3 Nxe5 and unusual White 3rd moves.} 7. b3 Qe5 8. c3 $1 ({But not} 8. Nc4 $2 Qxa1 9. Qxe4+ Be6 $19) 8... d5 {[%emt 0:00:55] White has an edge.} 9. g3 (9. d4 $5 Qe6 10. Qc2 $11 (10. f3 Nf6 $11)) 9... Bd6 10. Bg2 O-O 11. O-O {[%emt 0:00:04] [#]} Na6 $146 ({Predecessor:} 11... f5 12. f4 Qe7 13. d3 Nc5 14. Nd2 Nbd7 15. Re1 Nf6 16. Nf3 Bd7 17. Qc2 Qd8 {½-½ (35) Rapport,R (2696)-Landa,K (2611) Karlsruhe 2017}) 12. Ba3 Bxa3 13. Nxa3 Re8 14. Nac2 Nc7 15. Rae1 Qf6 16. f4 b6 17. c4 Nd6 ({Black should play} 17... Qd6 $11) 18. Nb4 $1 $14 ({Much weaker is} 18. cxd5 Ba6 19. d3 Nxd5 $11) 18... Bb7 19. cxd5 c5 20. Nc6 Ba6 21. d3 Qc3 {[%emt 0:00:10] Against Qd2} 22. Ne5 f6 23. N5c4 Rad8 24. Qd1 (24. Qf2 $16 {Strongly threatening Nxd6.} Qxd3 25. Rd1) 24... Qd4 $11 {[%emt 0:01:17] aiming for ...Nf5.} 25. Kh1 {[%emt 0:00:05] Nxd6 is the strong threat.} Nxc4 {[%emt 0:01:00] [#]} (25... Bxc4 $11 {and Black stays safe.} 26. Nxc4 Rxe1 27. Qxe1 Nc8) 26. Nf5 $1 $18 ({And not} 26. Nxc4 Nxd5 27. Qh5 Ne3 28. Nxe3 Rxe3 29. Rxe3 Qxe3 30. Bd5+ Kh8 $15) 26... Ne3 (26... Rxe1 $2 27. Qxe1 Ne3 28. Nxd4 $18) 27. Rxe3 Qc3 $2 (27... Qxe3 28. Nxe3 Rxe3) 28. d6 {[%emt 0:05:37][%cal Bd5d6,Bd6c7][%mdl 32] White is clearly winning.} Rxe3 29. dxc7 Rdxd3 30. Qg4 {[%emt 0:00:00] Weighted Error Value: White=0.08 (flawless) /Black=0.25 (precise)} 1-0